 Dungeon Crawl Stone Soup version 0.18.1-48-g4cf74bf (webtiles) character file.

121 WarriorsX the Skirmisher (level 5, -17/44 HPs)
             Began as a Human Fighter on July 25, 2016.
             Demolished by an ogre
             ... wielding a +0 giant club
              (19 damage)
             ... on level 4 of the Dungeon on July 26, 2016.
             The game lasted 00:05:54 (2795 turns).

WarriorsX the Skirmisher (Human Fighter)            Turns: 2795, Time: 00:05:55

Health: -17/44     AC:  8    Str: 18    XL:     5   Next: 26%
Magic:  5/5        EV:  7    Int:  8    God:
Gold:   100        SH:  9    Dex: 12    Spells: 0 memorised, 4 levels left

rFire  . . .     SeeInvis .     e - +0 dagger
rCold  . . .     Gourm    .     a - +0 scale mail
rNeg   . . .     Faith    .     b - +0 shield
rPois  .         Spirit   .     (no helmet)
rElec  .         Dismiss  +     s - +1 cloak
rCorr  .         Reflect  .     (no gloves)
SustAt .         Harm     .     (no boots)
MR     .....                    p - amulet of dismissal
Stlth  ..........               (no ring)
                                (no ring)

@: not resistant to hostile enchantments, extremely unstealthy
A: no striking features
a: no special abilities


You were on level 4 of the Dungeon.
You were near starving.

You visited 1 branch of the dungeon, and saw 4 of its levels.

You collected 100 gold pieces.

Inventory:

Hand Weapons
 e - a +0 dagger (weapon)
Armour
 a - a +0 scale mail (worn)
 b - a +0 shield (worn)
 s - a +1 cloak (worn)
Jewellery
 p - an amulet of dismissal (around neck)
Scrolls
 k - 2 scrolls of random uselessness {unknown}
 l - a scroll of teleportation {unknown}
 r - 3 scrolls of identify {unknown}
 t - a scroll of remove curse
Potions
 c - 2 potions of might
 f - 2 potions of agility {unknown}
 h - a potion of curing {unknown}
 i - 2 potions of heal wounds {unknown}
 j - a potion of degeneration {unknown}
 m - a potion of mutation {unknown}
 o - a potion of haste {unknown}
 q - a potion of brilliance {unknown}
Comestibles
 d - 5 bread rations
 g - 3 meat rations
 n - a slice of pizza


   Skills:
 + Level 5.0 Fighting
 + Level 2.1 Short Blades
 - Level 3.0 Armour
 - Level 3.0 Shields
 - Level 2.0 Unarmed Combat


You had 4 spell levels left.
You didn't know any spells.

Dungeon Overview and Level Annotations

Branches:
Dungeon (4/15)
 Temple: D:4-7

Altars:
Cheibriados
Kikubaaqudgha
Makhleb

Annotations:
D:3 Sigmund


Message History

The ogre is lightly wounded.
You block the ogre's attack.
You hit the ogre but do no damage.
The ogre is lightly wounded.
You hit the ogre.
The ogre is lightly wounded.
The ogre hits you with a giant club!
* * * LOW HITPOINT WARNING * * *
You hit the ogre but do no damage.
The ogre is lightly wounded.
The ogre closely misses you.
Your shield and scale mail prevent you from hitting the ogre.
The ogre is lightly wounded.
You block the ogre's attack.
You hit the ogre but do no damage.
The ogre is lightly wounded.
You closely miss the ogre.
The ogre is lightly wounded.
The ogre hits you with a giant club!!
You die...

...... ......
.....# .. #....#
... ##...# ....#
#...# #....#
###..###....#
####....##....#
#..O@.#.......#
#....#####.....#.
...## #....## .
##.[## #..# ##.##
#..## #...###
#..#...###


You could see an ogre.

Vanquished Creatures
  6 adders
  A gnoll (D:1)
  2 worms
  A dart slug (D:3)
  An orc (D:3)
  4 bats
  3 giant cockroaches
  7 goblins
  7 hobgoblins
  6 jackals (D:1)
  A quokka (D:3)
  A giant newt (D:2)
  3 kobolds
  5 rats
48 creatures vanquished.

Notes
Turn   | Place    | Note
--------------------------------------------------------------
     0 | D:1      | WarriorsX the Human Fighter began the quest for the Orb.
     0 | D:1      | Reached XP level 1. HP: 18/18 MP: 1/1
   229 | D:1      | Reached XP level 2. HP: 15/24 MP: 2/2
   658 | D:1      | Reached skill level 4 in Fighting
   658 | D:1      | Reached XP level 3. HP: 25/30 MP: 3/3
   932 | D:2      | Reached skill level 1 in Short Blades
  1347 | D:2      | Reached XP level 4. HP: 24/37 MP: 4/4
  1797 | D:3      | Found an ancient bone altar of Kikubaaqudgha.
  1803 | D:3      | Found a snail-covered altar of Cheibriados.
  2161 | D:3      | Found a burning altar of Makhleb.
  2173 | D:3      | Reached XP level 5. HP: 42/43 MP: 5/5
  2182 | D:3      | Noticed Sigmund
  2571 | D:3      | Reached skill level 5 in Fighting
  2781 | D:4      | Noticed an ogre
  2791 | D:4      | HP: 2/44 [ogre/giant club (12)]
  2795 | D:4      | Demolished by an ogre

Skill      XL: |  1  2  3  4  5 |
---------------+----------------+-----
Fighting       | 4 5 |  5.0
Short Blades   | 1 2 |  2.1
Armour         | |  3.0
Shields        | |  3.0
Unarmed Combat | |  2.0

Action                   |  1- 3 |  4- 6 || total
-------------------------+-------+-------++-------
Melee: Dagger            |   155 |   209 ||   364
       Unarmed           |    15 |       ||    15
  Use: Scroll            |     3 |       ||     3
  Eat: Chunk             |     1 |     4 ||     5
Armor: Scale mail        |    79 |    75 ||   154
Dodge: Dodged            |    46 |    46 ||    92
Block: Shield            |    76 |    69 ||   145
